 Dungeon Crawl Stone Soup version 0.28.0-45-g0d030f2227 (webtiles) character file.

Game seed: 14058069067093763215

431 101zpm the Magician (level 7, -5/46 HPs)
             Began as a Djinni Ice Elementalist on Apr 10, 2022.
             Slain by a gnoll
             ... wielding a +0 halberd
              (9 damage)
             ... on level 5 of the Dungeon.
             The game lasted 00:19:55 (5377 turns).

101zpm the Magician (Djinni Ice Elementalist)       Turns: 5377, Time: 00:19:56

Health: -5/46      AC:  3    Str:  7    XL:     7   Next: 19%
Gold:   185        EV: 13    Int: 18    God:
                   SH:  0    Dex: 20

rFire   + + .      SeeInvis .   s - +1 dagger (speed)
rCold   x . .      Faith    .   (no shield)
rNeg    . . .      Spirit   .   a - +0 robe
rPois   ∞          Reflect  .   e - +0 hat
rElec   .          Harm     .   r - +0 cloak
rCorr   .          Rampage  .   (no gloves)
Will    .....                   (boots unavailable)
Stlth   ++........              (no amulet)
HPRegen 0.15/turn               q - +6 ring of dexterity
MPRegen 0.00/turn               (no ring)

@: flying
A: sickness immunity, fire resistance 2, cold vulnerability 1, float, innate
caster, HP casting, extra vitality 1
a: no special abilities


You were on level 5 of the Dungeon.
You visited 1 branch of the dungeon, and saw 5 of its levels.

You collected 185 gold pieces.

Inventory:

Hand Weapons
 b - a +0 glaive
 s - a +1 dagger of speed (weapon)
Missiles
 l - 8 poisoned darts
Armour
 a - a +0 robe (worn)
 e - a +0 hat (worn)
 r - a +0 cloak (worn)
Jewellery
 q - a +6 ring of dexterity (left hand)
Wands
 m - a wand of iceblast (14)
 p - a wand of flame (29)
Scrolls
 d - 3 scrolls of teleportation {unknown}
 f - 2 scrolls of vulnerability {unknown}
 k - a scroll of torment {unknown}
 n - a scroll of identify {unknown}
 o - a scroll of immolation {unknown}
Potions
 c - 2 potions of mutation {unknown}
 g - 4 potions of curing {unknown}
 h - 2 potions of degeneration {unknown}
 i - 3 potions of heal wounds {unknown}
 j - a potion of brilliance {unknown}


   Skills:
 + Level 0.4 Fighting
 + Level 2.9 Dodging
 + Level 2.4 Stealth
 + Level 5.8 Spellcasting


You had one spell level left.
You knew the following spells:

 Your Spells              Type           Power      Damage    Failure   Level
a - Freeze                Ice            100%       1d11      1%          1
b - Frozen Ramparts       Ice            52%        1d7       3%          3
c - Ozocubu's Armour      Ice            26%        N/A       3%          3
d - Hailstorm             Conj/Ice       26%        3d7       11%         4
e - Shock                 Conj/Air       100%       1d9       1%          1
f - Blink                 Tloc           52%        N/A       1%          2
g - Searing Ray           Conj           52%        2d6       1%          2
Your spell library was empty.

Dungeon Overview and Level Annotations

Branches:
Dungeon (5/15)
 Temple: D:4-7

Altars:
Zin


Innate Abilities, Weirdness & Mutations

You are immune to sickness and miasma.
You are immune to poison.
Your flesh is very heat resistant. (rF++)
You are vulnerable to cold. (rC-)
You float through the air rather than walking.
You learn spells naturally, not from books.
Your magical power is your life essence.
You have superior vitality. (+4 MHP)


Message History

The gnoll is almost dead. (Press . to maintain the ray.)
Casting: Searing Ray (safe; 1% risk of failure)
Confirm with . or Enter, or press ? or * to list all spells.
Restarting spell: Searing Ray (safe; 1% risk of failure)
Press: ? - help, Shift-Dir - straight line, f - gnoll shaman
Aim: a gnoll shaman, wielding a +0 whip and wearing a +0 leather armour (moderately wounded, 82% to hit)
The searing ray hits the gnoll shaman.
The gnoll shaman is severely wounded. (Press . to maintain the ray.)
Casting: Searing Ray (safe; 1% risk of failure)
Confirm with . or Enter, or press ? or * to list all spells.
Aiming: Freeze (safe; 1% risk of failure)
Press: ? - help, Shift-Dir - straight line, f/p - gnoll shaman
Aim: a gnoll shaman, wielding a +0 whip and wearing a +0 leather armour (severely wounded)
You freeze the gnoll shaman.
The gnoll shaman is severely wounded.
The gnoll shaman hits you with a +0 whip!
The gnoll barely misses you.
Casting: Freeze (safe; 1% risk of failure)
Confirm with . or Enter, or press ? or * to list all spells.
Aiming: Searing Ray (safe; 1% risk of failure)
Press: ? - help, Shift-Dir - straight line, f/p - gnoll shaman
Aim: a gnoll shaman, wielding a +0 whip and wearing a +0 leather armour (severely wounded, 82% to hit)
The searing ray hits the gnoll shaman but does no damage.
The gnoll shaman is severely wounded. (Press . to maintain the ray.)
The gnoll hits you from afar with a +0 halberd!
* * * LOW HITPOINT WARNING * * *
The gnoll shaman closely misses you.
The gnoll shaman calls upon its god to speed up the gnoll.
The gnoll seems to speed up.
The gnoll shaman calls upon its god to heal the gnoll.
The gnoll is healed somewhat.
The gnoll misses you.
The gnoll shaman calls upon its god to heal the gnoll.
The gnoll is healed somewhat.
There is an open door here.
The gnoll hits you from afar with a +0 halberd!
You die...

##################
.......<#........#
........#........#
........#........#
.......@#........#
........#[.......###
........g..........#
........#...........
#########..##.....#[
+#####...###..##..♣P...
............g..#..♣ ...
...............##.. .
...............# #..


You could see a gnoll (fast).

Vanquished Creatures
  A bullfrog (D:4)
  A scorpion (D:4)
  A water moccasin skeleton (D:4)
  A hound (D:4)
  A hound skeleton (D:4)
  7 adders
  6 gnolls
  An adder skeleton (D:4)
  2 worms
  A dart slug (D:3)
  5 orcs (D:4)
  3 ball pythons
  6 endoplasms
  7 giant cockroaches
  4 goblins
  7 hobgoblins
  3 jackals (D:4)
  2 quokkas
  7 bats
  2 frilled lizards
  6 kobolds
  7 rats
81 creatures vanquished.

Notes
Turn   | Place    | Note
-------+----------+-------------------------------------------
     0 | D:1      | 101zpm the Djinni Ice Elementalist began the quest for the
                  | Orb.
     0 | D:1      | Reached XP level 1. HP: 15/15 MP: 0/0
   469 | D:1      | Reached XP level 2. HP: 20/21 MP: 0/0
   935 | D:1      | Reached XP level 3. HP: 23/25 MP: 0/0
   935 | D:1      | Learned a level 1 spell: Shock
  1593 | D:2      | Reached skill level 4 in Spellcasting
  2495 | D:2      | Found a glowing silver altar of Zin.
  2792 | D:3      | Reached XP level 4. HP: 25/31 MP: 0/0
  3394 | D:3      | Reached XP level 5. HP: 30/36 MP: 0/0
  3394 | D:3      | Learned a level 2 spell: Blink
  3493 | D:3      | Found a faded altar of an unknown god.
  4033 | D:4      | Reached skill level 5 in Spellcasting
  4033 | D:4      | Reached XP level 6. HP: 36/41 MP: 0/0
  4858 | D:4      | Reached XP level 7. HP: 39/46 MP: 0/0
  4858 | D:4      | Learned a level 2 spell: Searing Ray
  5320 | D:5      | Entered Level 5 of the Dungeon
  5365 | D:5      | HP: 2/46 [gnoll/+0 halberd (12)]
  5377 | D:5      | Slain by a gnoll

Illustrated notes

Levels and vault maps discovered:
D:1:      dpeg_arrival_pits, layout_rooms
D:2:      layout_basic, basic_altar, dk_vineyard_1
D:3:      layout_loops_ring, dreamdust_ecumenical_altar_hidden_monk_grotto
D:4:      layout_basic, minmay_misc_feat_five, grunt_ministairs_6
D:5:      layout_gridville, corexii_shack, nrook_uturn, serial_park_tiny_1,
          uniq_crazy_yiuf_cottage

Skill      XL: |  1  2  3  4  5 |
---------------+----------------+-----
Spellcasting   | 4 5 |  5.8
Stealth        | 2 |  2.4
Fighting       | |  0.4
Dodging        | |  2.9

Action                   |  1- 3 |  4- 6 |  7- 9 || total
-------------------------+-------+-------+-------++-------
Melee: Unarmed           |    46 |       |       ||    46
       Punch             |     1 |       |       ||     1
 Cast: Freeze            |    57 |    16 |     6 ||    79
       Shock             |       |    72 |    12 ||    84
       Ozocubu's Armour  |       |     2 |       ||     2
       Searing Ray       |       |       |    12 ||    12
Armor: Robe              |    44 |       |     1 ||    45
Dodge: Dodged            |    75 |    12 |     8 ||    95
